 Dungeon Crawl Stone Soup version 0.31-a0-167-g1c394c0614 (webtiles) character file.

Game seed: 13225246350131431475

43 qw the Shooter (level 3, -9/32 HPs)
             Began as a Naga Hunter on June 14, 2023.
             Mangled by a hobgoblin
             ... wielding a +0 flail
             ... led by Robin
              (17 damage)
             ... on level 2 of the Dungeon.
             The game lasted 00:00:23 (929 turns).

qw the Shooter (Naga Hunter)                         Turns: 929, Time: 00:00:24

Health: -9/32      AC:  2    Str: 13    XL:     3   Next: 58%
Magic:  3/3        EV:  9    Int:  9    God:
Gold:   36         SH:  0    Dex: 16    Spells: 2/2 levels left

rFire   . . .        Y - +0 shortbow
rCold   . . .        (shield currently unavailable)
rNeg    . . .        c - +0 leather armour
rPois   +            (no helmet)
rElec   .            (no cloak)
rCorr   .            (no gloves)
SInv    +            (no barding)
Will    .....        (no amulet)
Stlth   ++           (no ring)
HPRegen 0.25/turn    (no ring)
MPRegen 0.08/turn

%: no passive effects
@: short of breath, very slow
A: AC +1, large, see invisible, deformed body, poison resistance, slowness 2,
spit poison 1, naga tail 1
a: Spit Poison


You were on level 2 of the Dungeon.
You visited 1 branch of the dungeon, and saw 2 of its levels.

You collected 36 gold pieces.


Innate Abilities, Weirdness & Mutations

Your serpentine skin is tough. (AC +1)
You have supernaturally acute eyesight. (SInv)
Armour fits poorly on your strangely shaped body.
Your system is resistant to poisons. (rPois)
You cover ground very slowly.
You can spit poison.
You have a snake-like lower body.


   Skills:
 - Level 2.0 Fighting
 + Level 4.7 Ranged Weapons
 - Level 1.5 Dodging
 - Level 1.5 Stealth


You had 2 spell levels left.
You didn't know any spells.
Your spell library was empty.

Inventory:

Hand Weapons
 Y - a +0 shortbow (weapon)
Armour
 c - a +0 leather armour (worn)
Scrolls
 f - a scroll of identify
Potions
 d - a potion of curing

Dungeon Overview and Level Annotations

Branches:
Dungeon (2/15)

Altars:

Annotations:
D:2 Robin


Message History

You kill the hobgoblin!
Robin throws the goblin at you! The goblin barely misses you.
You shoot an arrow. The arrow hits the goblin.
You kill the goblin!
You have got your breath back.
The goblin closely misses you.
923 ||| INVOKING Spit Poison.
Aiming: Spit Poison (2% risk of failure)
Press: ? - help, Shift-Dir - straight line, f - goblin The splash of poison hits the goblin!
The goblin is poisoned.
You kill the goblin!
You shoot an arrow. The arrow barely misses the goblin.
The arrow barely misses Robin.
A hobgoblin comes into view. It is wielding a +0 flail.
Robin throws the goblin at you! The goblin hits you with a +0 dagger.
You shoot an arrow. The hobgoblin shouts!
The arrow hits the goblin.
The goblin is heavily wounded.
The goblin barely misses you.
Robin's bangles clink loudly.
You shoot an arrow. The arrow closely misses the goblin.
You have got your breath back.
Robin roars a battlecry!
The hobgoblin goes into a battle-frenzy!
The goblin barely misses you.
927 ||| INVOKING Spit Poison.
Aiming: Spit Poison (2% risk of failure)
Press: ? - help, Shift-Dir - straight line, f/p - goblin The splash of poison misses the goblin.
The goblin closely misses you. Robin hits you with a +0 short sword.
You shoot an arrow. The arrow hits the goblin.
You kill the goblin!
Robin hits you with a +0 short sword. x2
The hobgoblin hits you with a +0 flail!
You shoot an arrow.
The arrow hits Robin but does no damage.
Robin hits you with a +0 short sword. The hobgoblin hits you with a +0 flail!
Ouch! That really hurt!
You die...

#.# #.# #.# #.# #.#
#######.######
.....<.......##
########g###..#
##########.%g@)...#
#........).#.#).###
.).......))..#.#7.7
##...........#.7P.7
...........<.#.7=.7
##.%.........#.7.PP7
.............#.7.P.7
.#############.77.P7
777.


You could see Robin and a hobgoblin (strong).

Vanquished Creatures
  4 ball pythons (D:1)
  5 endoplasms
  2 hobgoblins
  2 bats (D:1)
  3 frilled lizards
  13 goblins
  6 kobolds (D:1)
  5 rats (D:1)
40 creatures vanquished.

Notes
Turn   | Place    | Note
-------+----------+-------------------------------------------
     0 | D:1      | qw the Naga Hunter began the quest for the Orb.
     0 | D:1      | Reached XP level 1. HP: 19/19 MP: 1/1
     0 | D:1      | 0 ||| qw: Version: 0.2-a-29-g1fa15c8
     0 | D:1      | 0 ||| qw: Game counter: 4898
     0 | D:1      | 0 ||| qw: Always use a shield: true
     0 | D:1      | 0 ||| qw: God list: Okawaru
     0 | D:1      | 0 ||| qw: Allow faded altars: false
     0 | D:1      | 0 ||| qw: Do Orc after D:15 true
     0 | D:1      | 0 ||| qw: Do second Lair branch before Depths: true
     0 | D:1      | 0 ||| qw: Lair rune preference: random
     0 | D:1      | 0 ||| qw: Plans: Normal
     0 | D:1      | 0 ||| PLANNING D:1-11
    28 | D:1      | 28 ||| INVOKING Spit Poison.
    46 | D:1      | 46 ||| INVOKING Spit Poison.
   161 | D:1      | 161 ||| INVOKING Spit Poison.
   165 | D:1      | 165 ||| INVOKING Spit Poison.
   170 | D:1      | 170 ||| INVOKING Spit Poison.
   174 | D:1      | Reached skill level 4 in Ranged Weapons
   174 | D:1      | Reached XP level 2. HP: 13/26 MP: 2/2
   273 | D:1      | 273 ||| INVOKING Spit Poison.
   287 | D:1      | 287 ||| INVOKING Spit Poison.
   292 | D:1      | 292 ||| INVOKING Spit Poison.
   343 | D:1      | 343 ||| INVOKING Spit Poison.
   349 | D:1      | 349 ||| INVOKING Spit Poison.
   357 | D:1      | 357 ||| INVOKING Spit Poison.
   400 | D:1      | 400 ||| INVOKING Spit Poison.
   405 | D:1      | 405 ||| INVOKING Spit Poison.
   408 | D:1      | 408 ||| INVOKING Spit Poison.
   538 | D:1      | 538 ||| INVOKING Spit Poison.
   544 | D:1      | Reached XP level 3. HP: 30/32 MP: 3/3
   626 | D:1      | Found a faded altar of an unknown god.
   657 | D:1      | 657 ||| INVOKING Spit Poison.
   662 | D:1      | 662 ||| INVOKING Spit Poison.
   840 | D:1      | 840 ||| READING scroll labelled OSU OXOENOSCH.
   845 | D:1      | 845 ||| READING 3 scrolls labelled ZYSTRA RADGHU.
   846 | D:1      | 846 ||| READING scroll labelled ZOSOOXT XOKHLIT.
   847 | D:1      | 847 ||| READING 2 scrolls of identify.
   847 | D:1      | 847 ||| IDENTIFYING black potion
   848 | D:1      | 848 ||| DROPPING scroll of butterflies.
   887 | D:2      | 887 ||| INVOKING Spit Poison.
   914 | D:2      | 914 ||| INVOKING Spit Poison.
   917 | D:2      | Noticed Robin
   920 | D:2      | 920 ||| INVOKING Spit Poison.
   923 | D:2      | 923 ||| INVOKING Spit Poison.
   927 | D:2      | 927 ||| INVOKING Spit Poison.
   929 | D:2      | HP: 8/32 [Robin/+0 short sword (3)]
   929 | D:2      | Mangled by a hobgoblin

Levels and vault maps discovered:
D:1:      dpeg_arrival_oval, layout_basic,
          dreamdust_ecumenical_altar_angels_and_demons, kennysheep_flooded_box
D:2:      layout_rooms, serial_shops, nicolae_shop_rolling_square, shop,
          nicolae_shop_trees, serial_forest, infiniplex_forest_straight_2,
          infiniplex_forest_end_1, infiniplex_forest_lined_room_3,
          infiniplex_forest_corner_1, infiniplex_forest_end_1,
          infiniplex_forest_end_double, infiniplex_forest_end_2, uniq_robin

Skill      XL: |  1 |
---------------+----+-----
Ranged Weapons | 4 |  4.7
Fighting       | |  2.0
Dodging        | |  1.5
Stealth        | |  1.5

Action                     || total
---------------------------++-------
   Fire: Shortbow          ||    80
Ability: Spit Poison       ||    22
    Use: Scroll            ||     4
 Armour: Leather armour    ||     6
  Dodge: Dodged            ||    22

Table legend:
 A = Non-vault XP
 B = Vault XP
 C = Vault XP percentage of total XP
 D = Non-vault monster count
 E = Vault monster count
 F = Vault count percentage of total count
                 A         B        C        D         E       F
            +---------+---------+-------+---------+---------+-------
      Total |      46 |      16 |  25.8 |      31 |       9 |  22.5
            +---------+---------+-------+---------+---------+-------
        D:1 |      43 |       0 |   0.0 |      29 |       0 |   0.0
        D:2 |       3 |      16 |  84.2 |       2 |       9 |  81.8
            +---------+---------+-------+---------+---------+-------
